 Dungeon Crawl Stone Soup version 0.29-a0-393-g47a863cc1b (webtiles) character file.

Game seed: 7321759311144413288

139 ytrimaz the Cutter (level 5, -6/41 HPs)
             Began as a Demonspawn Fighter on May 9, 2022.
             Killed from afar by Ijyb (19 damage)
             ... with a bolt of acid
             ... on level 3 of the Dungeon.
             The game lasted 00:02:14 (2868 turns).

ytrimaz the Cutter (Demonspawn Fighter)             Turns: 2868, Time: 00:02:15

Health: -6/41      AC: 13    Str: 18    XL:     5   Next: 1%
Magic:  5/5        EV: 28    Int:  9    God:
Gold:   105        SH:  4    Dex: 13    Spells: 4/4 levels left

rFire   . . .      SeeInvis .   a - +0 rapier (vorpal)
rCold   . . .      Faith    .   c - +0 buckler
rNeg    . . .      Spirit   .   b - +0 scale mail
rPois   .          Reflect  .   (helmet restricted)
rElec   .          Harm     .   g - +2 cloak
rCorr   .          Rampage  .   f - +0 pair of gloves
Will    .....                   (no boots)
Stlth   ..........              i - amulet of the acrobat
HPRegen 0.13/turn               p - +4 ring of evasion
MPRegen 0.09/turn               (no ring)

@: acrobatic
A: antennae 1, thin metallic scales 1, ignite blood 1
a: no special abilities


You were on level 3 of the Dungeon.
You visited 1 branch of the dungeon, and saw 3 of its levels.

You collected 105 gold pieces.

Inventory:

Hand Weapons
 a - a +0 vorpal rapier (weapon)
Armour
 b - a +0 scale mail (worn)
 c - a +0 buckler (worn)
 f - a +0 pair of gloves (worn)
 g - a +2 cloak (worn)
Jewellery
 i - an amulet of the acrobat (around neck)
 p - a +4 ring of evasion (left hand)
Scrolls
 h - a scroll of teleportation
 l - a scroll of enchant weapon {unknown}
 o - a scroll of blinking {unknown}
 q - 2 scrolls of summoning
 r - a scroll of fear {unknown}
 s - a scroll of identify
 t - a scroll of fog {unknown}
Potions
 d - a potion of might
 e - 2 potions of degeneration {unknown}
 j - 2 potions of haste {unknown}
 k - a potion of mutation {unknown}
 m - a potion of curing {unknown}
 n - a potion of attraction {unknown}


   Skills:
 + Level 3.4 Fighting
 * Level 3.6 Short Blades
 + Level 3.3 Armour
 + Level 3.1 Shields


You had 4 spell levels left.
You didn't know any spells.
Your spell library contained the following spells:

 Spells                   Type           Power      Damage    Failure   Level
 Magic Dart               Conj           0%         1d3       86%         1
 Slow                     Hex            0%         N/A       86%         1
 Call Imp                 Summ           0%         N/A       94%         2
 Confusing Touch          Hex            0%         N/A       99%         3
 Mephitic Cloud           Conj/Pois/Air  0%         N/A       99%         3
 Vampiric Draining        Necr           0%         2d6       99%         3


Dungeon Overview and Level Annotations

Branches:
Dungeon (3/15)

Altars:
Dithmenos
Elyvilon

Shops:
D:2 [

Annotations:
D:3 Ijyb


Innate Abilities, Weirdness & Mutations

You have a pair of small antennae on your head.
You are partially covered in thin metallic scales. (AC +2)
Your demonic aura sometimes causes spilled blood to erupt in flames.


Message History

You see here a rat corpse.
No target in view!
You see here a rat corpse.
j - 2 cyan potions (gained 1)
You now have 105 gold pieces (gained 10).
You see here a rat corpse.
e - 2 fizzy puce potions (gained 1)
Found 22 stones.
No target in view!
You sense a monster nearby.
A hobgoblin comes into view.
The hobgoblin shouts!
A hobgoblin comes into view.
A quokka comes into view.
There are monsters nearby!
There are monsters nearby!
Ijyb the Twisted Goblin comes into view.
She is wielding a +0 club and carrying a wand of acid (14).
Ijyb shouts!
The hobgoblin misses you.
You hit the hobgoblin.
The hobgoblin is severely wounded.
The hobgoblin hits you but does no damage.
You puncture the hobgoblin!
You kill the hobgoblin!
The quokka completely misses you.
You have reached level 5!
Your demonic ancestry asserts itself...
Your blood heats up.
You closely miss the hobgoblin. The hobgoblin closely misses you.
Ijyb zaps a wand.
The bolt of acid hits you!!
Ouch! That really hurt!
The quokka bites you. The quokka attacks as you move away!
The quokka barely misses you. The hobgoblin attacks as you move away!
The hobgoblin closely misses you. The quokka attacks as you move away!
The quokka completely misses you. The hobgoblin attacks as you move away!
You block the hobgoblin's attack.
The quokka bites you but does no damage.
You puncture the quokka!
You kill the quokka!
Ijyb zaps a wand.
The bolt of acid hits you!!
You die...

......# ## ...... .. .....##'#+#
.......... #......... .........
### #........ ..# #
#.########g###.#### #.# .
........@g......#.###.# # .#
#.......##.#.#..#.....### ..
#.......##.#.# #.##.(##. #.##
#.......##.######.##..##. #..#
#.......##.#......##..... #.#
...#.......##.#.#######..##.
#)##...#.......##.#...# ........
#.##...#.......##.#.#######..#.#
#..#...#........#.#.......#..#.#


You could see Ijyb and a hobgoblin.

Vanquished Creatures
  Crazy Yiuf (D:2)
  Terence (D:3)
  A gnoll (D:1)
  An adder (D:2)
  2 dart slugs
  9 orcs (D:3)
  7 ball pythons
  3 bats
  3 endoplasms (D:1)
  A giant cockroach (D:3)
  5 goblins
  3 hobgoblins
  3 quokkas
  6 frilled lizards
  7 rats
53 creatures vanquished.

Vanquished Creatures (others)
  A goblin (D:3)
1 creature vanquished.

Grand Total: 54 creatures vanquished

Notes
Turn   | Place    | Note
-------+----------+-------------------------------------------
     0 | D:1      | ytrimaz the Demonspawn Fighter began the quest for the Orb.
     0 | D:1      | Reached XP level 1. HP: 18/18 MP: 1/1
   211 | D:1      | Gained mutation: You are partially covered in thin metallic
                  | scales. (AC +2) [demonic ancestry]
   211 | D:1      | Reached XP level 2. HP: 19/24 MP: 2/2
   363 | D:1      | Found a faded altar of an unknown god.
  1231 | D:1      | Reached XP level 3. HP: 29/29 MP: 3/3
  1412 | D:2      | Found a runed translucent door.
  1413 | D:2      | Noticed Crazy Yiuf
  1651 | D:2      | Found Pecexek's Antique Armour Shoppe.
  2235 | D:2      | Killed Crazy Yiuf
  2236 | D:2      | Gained mutation: You have a pair of small antennae on your
                  | head. [demonic ancestry]
  2236 | D:2      | Reached XP level 4. HP: 31/35 MP: 4/4
  2391 | D:3      | Noticed Terence
  2402 | D:3      | Killed Terence
  2794 | D:3      | Found a shadowy altar of Dithmenos.
  2859 | D:3      | Noticed Ijyb
  2863 | D:3      | Gained mutation: Your demonic aura sometimes causes spilled
                  | blood to erupt in flames. [demonic ancestry]
  2863 | D:3      | Reached XP level 5. HP: 41/41 MP: 5/5
  2868 | D:3      | Killed from afar by Ijyb

Illustrated notes

Levels and vault maps discovered:
D:1:      onia_arrival_mini_spirals, layout_basic,
          dreamdust_ecumenical_altar_grove, roderic_serpentine_path
D:2:      layout_basic, serial_rivers, chequers_serial_rivers_room_b,
          chequers_serial_rivers_large_a, chequers_serial_rivers_micro_c,
          chequers_serial_rivers_micro_e, chequers_serial_rivers_small_b,
          serial_shops, shop, uniq_crazy_yiuf_cottage
D:3:      layout_basic, mainiacjoe_overflow_24_doors,
          nicolae_dithmenos_through_a_glass_darkly, elyvilon_altar_4,
          uniq_terence, uniq_ijyb

Skill      XL: |  1  2  3 |
---------------+----------+-----
Short Blades   | 2 3 |  3.6
Armour         | 3 |  3.3
Shields        | 3 |  3.1
Fighting       | |  3.4

Action                   |  1- 3 |  4- 6 || total
-------------------------+-------+-------++-------
Melee: Rapier            |   110 |    58 ||   168
  Use: Scroll            |     3 |     2 ||     5
Armor: Scale mail        |    59 |    21 ||    80
Dodge: Dodged            |    45 |    61 ||   106
Block: Buckler           |    18 |    23 ||    41

Table legend: (Time is in decaauts)
 A = Elapsed time spent in this place.
 B = Non-inter-level travel time spent in this place.
 C = Inter-level travel time spent in this place.
 D = Time resting spent in this place.
 E = Time spent auto-exploring this place.
 F = Levels seen in this place.
 G = Mean time per level.
                   A        B        C        D        E       F      G
               +--------+--------+--------+--------+--------+-----+--------+
         Total |   2900 |   2838 |     62 |      0 |   2381 |   3 |  966.7 |
       Dungeon |   2900 |   2838 |     62 |      0 |   2381 |   3 |  966.7 |
               +--------+--------+--------+--------+--------+-----+--------+

Top non-repeatable levels by time:
     D:1: 1272 daAuts
     D:2: 1054 daAuts
     D:3: 573 daAuts
